Map: Thunderbird LE

Players

pHARM - Winner!

  • Race: Zerg Zerg
  • League: Platinum
  • Spawn Location: 11:00

Razgriz

  • Race: Zerg Zerg
  • League: Platinum
  • Spawn Location: 5:00

VOD

Have the link to the VOD?

Description

Time

  • Played on: July 18, 2019, 12:25 a.m.
  • Length: 5:32
Show
View Real Time Build Order
Export as new Build Order

pHARM Zerg - Winner!

Build Orders: Hatch First, Zergling Baneling 

Get SALT Encoding   

  12  0:01  Drone  
  13  0:16  Overlord, Drone  
  14  0:35  Drone x2  
  16  0:50  Hatchery  
  16  0:55  Drone  
  16  0:57  Drone  
  16  1:01  Drone  
  18  1:09  Extractor  
  17  1:16  Spawning Pool  
  16  1:20  Drone  
  16  1:23  Drone  
  18  1:37  Drone  
  19  1:53  Drone  
  20  1:55  Overlord  
  20  2:04  Zergling x4, Queen x2  
  26  2:12  Metabolic Boost  
  26  2:26  Drone  
  26  2:27  Drone x3  
  30  2:53  Baneling Nest  
  29  3:00  Drone x6  
  35  3:20  Zergling x2  
  35  3:22  Overlord x2  
  36  3:40  Zergling x12  
  42  3:45  Baneling x4  
  42  3:48  Zergling x12  
  48  4:01  Zergling x4  
  48  4:02  Queen  
  52  4:12  Baneling x2  
  52  4:14  Hatchery  
  52  4:17  Zergling x2  
  52  4:18  Overlord x2, Queen  
  44  4:31  Zergling x2  
  44  4:32  Zergling x12  
  48  4:39  Zergling x4  
  47  4:51  Zergling x4  
  48  4:57  Baneling x2  
  48  4:58  Zergling x4  
  50  5:08  Zergling x2  
  50  5:10  Zergling x2  
Show
View Real Time Build Order
Export as new Build Order

Razgriz Zerg 

Build Orders: Hatch First 

Get SALT Encoding   

  12  0:01  Drone  
  13  0:12  Overlord  
  13  0:16  Drone  
  14  0:30  Drone  
  14  0:31  Drone  
  14  0:35  Drone  
  17  0:53  Hatchery  
  17  0:56  Drone  
  17  0:59  Drone  
  18  1:09  Extractor  
  17  1:14  Spawning Pool  
  17  1:18  Drone  
  17  1:21  Drone  
  18  1:30  Drone  
  19  1:40  Drone  
  20  1:49  Overlord  
  20  2:01  Queen  
  20  2:05  Queen  
  20  2:06  Zergling x4  
  26  2:14  Zergling x2  
  27  2:17  Metabolic Boost  
  27  2:20  Drone  
  28  2:32  Drone x2  
  28  2:33  Drone  
  31  2:37  Overlord  
  31  2:47  Queen  
  31  2:49  Zergling x2, Baneling Nest  
  34  2:51  Zergling x2  
  34  3:26  Drone x4  
  38  3:28  Overlord  
  38  3:31  Hatchery  
  38  3:33  Baneling  
  38  3:34  Baneling  
  37  3:42  Drone x2  
  37  3:43  Drone x4  
  43  3:57  Drone x5  
  43  4:02  Roach Warren  
  47  4:04  Extractor  
  47  4:08  Extractor  
  47  4:09  Extractor  
  44  4:16  Zergling x2  
  45  4:17  Zergling x10  
  49  4:28  Zergling x2  
  49  4:29  Zergling x6  
  39  4:38  Zergling x4  
  29  4:57  Zergling x2  
  29  4:58  Zergling x10  
Tags
 
Add a new tag
Caveats
  • Supply blocks, unpowered buildings, or Contaminate may cause inaccurate times.
  • Supply counts are checked every 10 seconds.